 Dungeon Crawl Stone Soup version 0.27-a0-1154-gfdeffcb720 (webtiles) character file.

Game seed: 17508793484027503985

15582 kasomir the Cleaver (level 12, -2/75 HPs)
             Began as a Gargoyle Fighter on May 12, 2021.
             Was the Champion of Okawaru.
             Slain by an ettin
             ... wielding a +0 dire flail
              (21 damage)
             ... on level 11 of the Dungeon on May 14, 2021.
             The game lasted 01:09:02 (11449 turns).

kasomir the Cleaver (Gargoyle Fighter)             Turns: 11449, Time: 01:09:03

Health: -2/75      AC: 33    Str: 24    XL:     12   Next: 28%
Magic:  12/12      EV:  7    Int:  9    God:    Okawaru [******]
Gold:   588        SH: 12    Dex: 10    Spells: 11/11 levels left

rFire    . . .     SeeInvis .   s - +9 hand axe "Fephext" {vorpal, Will+}
rCold    + . .     Faith    .   c - +0 kite shield
rNeg     + + .     Spirit   .   Q - +3 plate armour {rC+}
rPois    ∞         Reflect  .   (no helmet)
rElec    +         Harm     .   D - +1 cloak
rCorr    .         Rampage  .   J - +2 pair of gloves
Will     ++...                  L - +0 pair of boots
Stlth    ..........             (no amulet)
HPRegen  0.22/turn              N - ring of Disomill {rN+ Will+}
MPRegen  0.13/turn              l - ring of poison resistance

@: on berserk cooldown, slowed, very slow
A: sickness immunity, AC +8, negative energy resistance 1, electricity
resistance, torment resistance 1, petrification resistance
a: Renounce Religion, Heroism, Finesse


You were on level 11 of the Dungeon.
You worshipped Okawaru.
Okawaru was exalted by your worship.
You visited 3 branches of the dungeon, and saw 12 of its levels.
You also visited: Ossuary.

You collected 714 gold pieces.
You spent 126 gold pieces at shops.

Inventory:

Hand Weapons
 f - the +9 rapier of Execution {flame, rPois SInv Stlth+}
   (You found it on level 4 of the Dungeon)

   It has been specially enchanted to burn those struck by it, causing extra
   injury to most foes and up to half again as much damage against particularly
   susceptible opponents.
   It protects you from poison.
   It lets you see invisible.
   It makes you more stealthy.
 s - the +9 hand axe "Fephext" (weapon) {vorpal, Will+}
   (You found it on level 5 of the Dungeon)

   It inflicts extra damage upon your enemies.
   It increases your willpower.
 U - a +8 flail
Missiles
 y - 4 throwing nets (quivered)
 I - 11 boomerangs
Armour
 c - a +0 kite shield (worn)
 e - +0 acid dragon scales
 D - a +1 cloak (worn)
 J - a +2 pair of gloves (worn)
 L - a +0 pair of boots (worn)
 Q - a +3 plate armour of cold resistance (worn)
Jewellery
 l - a ring of poison resistance (right hand)
 u - a ring of fire
 w - a ring of protection from cold
 H - a ring of magical power
 N - the ring of Disomill (left hand) {rN+ Will+}
   (You found it on level 9 of the Dungeon)

   [ring of willpower]

   It protects you from negative energy.
   It increases your willpower.
 T - a +4 ring of evasion
Wands
 q - a wand of flame (46)
 v - a wand of polymorph (3)
 E - a wand of paralysis (6)
 O - a wand of acid (15)
 V - a wand of charming (7)
Scrolls
 b - a scroll of blinking {unknown}
 d - a scroll of noise {unknown}
 j - 4 scrolls of fog
 m - 6 scrolls of teleportation
 o - a scroll of magic mapping
 r - a scroll of identify
 t - a scroll of fear
 M - a scroll of amnesia
 R - a scroll of vulnerability
 W - a scroll of acquirement {unknown}
Potions
 a - a potion of lignification {unknown}
 g - a potion of attraction {unknown}
 h - a potion of resistance {unknown}
 i - a potion of magic {unknown}
 n - a potion of ambrosia {unknown}
 p - 2 potions of berserk rage
 x - a potion of degeneration {unknown}
 A - a potion of brilliance
 B - 3 potions of curing
 S - a potion of cancellation


   Skills:
 + Level 8.5 Fighting
 + Level 2.6 Short Blades
 + Level 10.8(11.0) Axes
 + Level 3.8(8.5) Maces & Flails
 + Level 0.2 Throwing
 + Level 9.8 Armour
 - Level 4.0 Dodging
 - Level 1.0 Stealth
 + Level 10.1 Shields
 + Level 0.2 Invocations
 + Level 0.6 Evocations


You had 11 spell levels left.
You didn't know any spells.
Your spell library contained the following spells:

 Spells                   Type           Power      Damage    Failure   Level
 Animate Skeleton         Necr           0%         N/A       100%        1
 Beastly Appendage        Tmut           0%         N/A       100%        1
 Freeze                   Ice            0%         1d3       100%        1
 Pain                     Necr           0%         1d4       100%        1
 Shock                    Conj/Air       0%         1d3       100%        1
 Static Discharge         Conj/Air       0%         N/A       100%        2
 Wereblood                Tmut           0%         N/A       100%        2
 Frozen Ramparts          Ice            0%         1d2       100%        3
 Ozocubu's Armour         Ice            0%         N/A       100%        3
 Spider Form              Tmut/Pois      0%         N/A       100%        3
 Swiftness                Air            0%         N/A       100%        3
 Vampiric Draining        Necr           0%         2d6       100%        3
 Airstrike                Air            0%         N/A       100%        4
 Animate Dead             Necr           0%         N/A       100%        4
 Hailstorm                Conj/Ice       0%         3d3       100%        4
 Ice Form                 Ice/Tmut       0%         N/A       100%        4
 Agony                    Necr           0%         N/A       100%        5
 Hydra Form               Tmut           0%         N/A       100%        5
 Lightning Bolt           Conj/Air       0%         1d11      100%        5
 Metabolic Englaciation   Hex/Ice        0%         N/A       100%        5


Dungeon Overview and Level Annotations

Branches:
Dungeon (11/15)            Temple (1/1) D:4            Lair (1/6) D:9
    Orc (0/2) D:9         Ossuary (visited)

Altars:
Ashenzari
Cheibriados
Dithmenos
Elyvilon
Fedhas
Gozag
Hepliaklqana
Kikubaaqudgha
Makhleb
Nemelex Xobeh
Okawaru
Qazlal
Ru
Sif Muna
Trog
Uskayaw
Vehumet
Wu Jian
Xom
Yredelemnul
Zin
The Shining One

Shops:
D:6 *


Innate Abilities, Weirdness & Mutations

You are immune to sickness and miasma.
Your stone body is resilient. (AC +8)
You are immune to poison.
You resist negative energy. (rN+)
You are resistant to electric shocks. (rElec)
You are resistant to unholy torment.
You are immune to petrification.


Message History

The 19-headed hydra is severely wounded.
You hack one of the 19-headed hydra's heads off!
The 18-headed hydra grows two more!
You slash the 20-headed hydra!
The 20-headed hydra is almost dead.
You block the 20-headed hydra's attack.
The 20-headed hydra bites you but does no damage.
The 20-headed hydra bites you! You block the 20-headed hydra's attack.
The 20-headed hydra bites you but does no damage.
The 20-headed hydra bites you!
The 20-headed hydra bites you but does no damage. x2
The 20-headed hydra completely misses you.
You block the 20-headed hydra's attack.
The 20-headed hydra bites you but does no damage.
The 20-headed hydra bites you! The 20-headed hydra barely misses you.
The 20-headed hydra bites you but does no damage. x2
The 20-headed hydra barely misses you. x2; The 20-headed hydra bites you.
The 20-headed hydra bites you but does no damage. x2
You lop one of the 20-headed hydra's heads off!
You slice the 19-headed hydra!!
You kill the 19-headed hydra!
Okawaru accepts your kill.
You start resting.
An ettin comes into view. It is wielding two +0 dire flails.
You slash the ettin!
The ettin is moderately wounded.
The ettin hits you with a +0 dire flail!!
* * * LOW HITPOINT WARNING * * *
The ettin hits you but does no damage.
You slash the ettin!
The ettin is severely wounded.
You are no longer berserk.
You are exhausted.
You feel yourself slow down.
You hit the ettin.
The ettin is severely wounded.
The ettin hits you but does no damage. You block the ettin's attack.
You slash the ettin!
The ettin is almost dead.
The ettin hits you with a +0 dire flail!!
You die...

#...... #......
######. #. ## #. .#
#. ###.# #. ##.#C#
## #. #.#@# ##.# #.
#.#.# #.. #. #.###
#.# #. #.#
######.######. #.#
#.............
#.#####.############
#.......#.....# #..
#######.#.###.# #.#
#.#.# #.# #.#


You could see an ettin.

Vanquished Creatures
  Gastronok (D:9)
  A tengu reaver (D:11)
  Erolcha (D:10)
  A hydra (D:11)
  Harold (D:10)
  3 two-headed ogres (D:10)
  Pikel (D:7)
  2 ugly things (D:11)
  Joseph (D:7)
  An unseen horror (D:11)
  3 trolls
  Prince Ribbit (D:7)
  A hornet (D:8)
  A meliai zombie (D:10)
  A shadow (D:11)
  A wyvern (D:8)
  6 yaks
  Menkaure (D:6)
  An acid dragon (D:11)
  Duvessa (D:7)
  5 water moccasins
  3 ice beasts
  4 black bears
  2 ogres
  4 centaurs
  2 lemures (D:7)
  2 elf zombies (Ossuary)
  5 bullfrogs
  A kobold brigand (D:8)
  6 scorpions
  Dowan (D:7)
  A gnoll sergeant (D:11)
  A water moccasin zombie (D:7)
  A wyvern skeleton (D:6)
  A wight (D:7)
  A howler monkey (D:9)
  5 centaur zombies
  2 human zombies (Ossuary)
  2 orc priests
  A centaur skeleton (D:5)
  A gnoll shaman (D:5)
  A hound (D:6)
  6 iguanas
  6 orc wizards
  A hound zombie (Ossuary)
  3 mummies (Ossuary)
  2 howler monkey zombies
  12 gnolls
  2 adders
  A howler monkey skeleton (D:7)
  3 white imps
  6 adder zombies (Ossuary)
  2 worms
  A dart slug (D:1)
  23 orcs
  8 endoplasms
  2 giant cockroaches (D:1)
  A goblin (D:1)
  4 hobgoblins (D:1)
  6 jackals (D:1)
  2 quokkas
  4 ball pythons
  2 bats
  2 frilled lizards
  A gnoll zombie (Ossuary)
  2 goblin zombies (Ossuary)
  2 hobgoblin zombies (Ossuary)
  5 jackal zombies (Ossuary)
  18 kobolds
  3 kobold zombies (Ossuary)
  3 orc zombies (Ossuary)
  4 quokka zombies (Ossuary)
  4 rats (D:1)
  2 rat zombies (Ossuary)
225 creatures vanquished.

Vanquished Creatures (others)
  19 fungi
  22 plants (D:9)
41 creatures vanquished.

Grand Total: 266 creatures vanquished

Notes
Turn   | Place    | Note
-------+----------+-------------------------------------------
     0 | D:1      | kasomir the Gargoyle Fighter began the quest for the Orb.
     0 | D:1      | Reached XP level 1. HP: 14/14 MP: 1/1
   187 | D:1      | Reached XP level 2. HP: 9/19 MP: 2/2
   640 | D:1      | Reached XP level 3. HP: 22/23 MP: 3/3
  1332 | D:2      | Found a faded altar of an unknown god.
  1669 | D:2      | You fall into a shaft and drop 2 floors!
  1670 | D:4      | Noticed a black bear
  1694 | D:4      | Killed a black bear
  1695 | D:4      | Reached skill level 1 in Dodging
  1695 | D:4      | Reached XP level 4. HP: 29/29 MP: 4/4
  1695 | D:4      | Reached XP level 5. HP: 33/33 MP: 5/5
  1827 | D:4      | Identified the +9 rapier of Execution {flame, rPois SInv
                  | Stlth+}
  1943 | D:4      | Upgraded the game from 0.27-a0-1149-g4505690ab0 to
                  | 0.27-a0-1154-gfdeffcb720
  1996 | D:4      | Found a staircase to the Ecumenical Temple.
  2006 | Temple   | Entered the Ecumenical Temple
  2213 | Temple   | Became a worshipper of Warmaster Okawaru
  2550 | D:4      | Reached XP level 6. HP: 34/38 MP: 6/6
  2787 | D:5      | Entered Level 5 of the Dungeon
  2979 | D:5      | Reached * piety under Okawaru
  2980 | D:5      | Reached skill level 1 in Short Blades
  2986 | D:5      | Reached skill level 1 in Stealth
  2986 | D:5      | Reached XP level 7. HP: 18/44 MP: 7/7
  3247 | D:5      | Identified the +9 hand axe "Fephext" {vorpal, Will+}
  3730 | D:5      | Reached skill level 5 in Shields
  3829 | D:6      | Noticed a yak
  3829 | D:6      | Noticed a yak
  3832 | D:6      | Noticed a yak
  3843 | D:5      | Killed a yak
  3844 | D:5      | Reached skill level 1 in Axes
  4031 | D:5      | Killed a yak
  4032 | D:5      | Reached skill level 5 in Armour
  4032 | D:5      | Reached XP level 8. HP: 36/48 MP: 8/8
  4037 | D:5      | Killed a yak
  4037 | D:5      | Reached ** piety under Okawaru
  4163 | D:6      | Reached skill level 5 in Fighting
  4215 | D:6      | Found a sand-covered staircase.
  4220 | Ossuary  | Entered an ossuary
  4805 | D:6      | Reached XP level 9. HP: 54/54 MP: 9/9
  5077 | D:6      | Reached *** piety under Okawaru
  5326 | D:6      | Noticed Menkaure
  5333 | D:6      | Killed Menkaure
  5453 | D:6      | Found Focysionu's General Store.
  5461 | D:6      | Bought a +1 cloak for 126 gold pieces
  5665 | D:7      | Reached skill level 5 in Axes
  5683 | D:7      | Noticed Joseph
  5698 | D:7      | Killed Joseph
  5791 | D:7      | Noticed Pikel
  5812 | D:7      | Killed Pikel
  5812 | D:7      | Reached **** piety under Okawaru
  6030 | D:7      | Reached XP level 10. HP: 56/60 MP: 10/10
  6118 | D:7      | Noticed Prince Ribbit
  6127 | D:7      | Killed Prince Ribbit
  6189 | D:7      | Noticed Duvessa
  6189 | D:7      | Noticed Dowan
  6198 | D:7      | Killed Duvessa
  6204 | D:7      | Killed Dowan
  6748 | D:8      | Found a glowing golden altar of the Shining One.
  7065 | D:8      | Reached ***** piety under Okawaru
  7463 | D:9      | Found a staircase to the Lair.
  7615 | D:9      | Received a gift from Okawaru
  7771 | D:9      | Identified the ring of Disomill {rN+ Will+}
  7977 | D:9      | Found a staircase to the Orcish Mines.
  8007 | D:9      | Noticed Gastronok
  8038 | D:9      | Killed Gastronok
  8039 | D:9      | Reached XP level 11. HP: 50/67 MP: 11/11
  8387 | Lair:1   | Entered Level 1 of the Lair of Beasts
  8424 | Lair:1   | Noticed a six-headed hydra
  8708 | D:10     | Entered Level 10 of the Dungeon
  8715 | D:10     | Noticed Harold
  8719 | D:10     | Noticed Erolcha
  8735 | D:10     | Killed Harold
  8753 | D:10     | Killed Erolcha
  9000 | D:10     | Noticed a two-headed ogre
  9009 | D:10     | Killed a two-headed ogre
  9010 | D:10     | Reached skill level 10 in Axes
  9097 | D:10     | Reached ****** piety under Okawaru
  9164 | D:10     | Noticed a two-headed ogre
  9181 | D:10     | Killed a two-headed ogre
  9181 | D:10     | Received a gift from Okawaru
  9405 | D:10     | Noticed a two-headed ogre
  9413 | D:10     | Killed a two-headed ogre
 10574 | D:11     | Noticed a cyan ugly thing
 10580 | D:11     | Killed a cyan ugly thing
 10580 | D:11     | Noticed a cyan ugly thing
 10581 | D:11     | Reached XP level 12. HP: 74/74 MP: 12/12
 10596 | D:11     | Noticed a tengu reaver
 10963 | D:11     | Killed a tengu reaver
 10963 | D:11     | Received a gift from Okawaru
 10964 | D:11     | Reached skill level 10 in Shields
 11425 | D:11     | Noticed a six-headed hydra
 11444 | D:11     | Killed a 19-headed hydra
 11445 | D:11     | Noticed an ettin
 11449 | D:11     | Slain by an ettin

Illustrated notes

Levels and vault maps discovered:
D:1:      scummos_arrival_hexagon, layout_basic, chequers_serial_rivers_large_a,
          minmay_cupped
D:2:      layout_loops_corners, hellmonk_ecumenical_altar_arch_garden,
          basic_altar
D:4:      layout_cave_pods, minmay_temple_entry_wispy
D:5:      layout_basic
D:6:      layout_gridville, enter_ossuary_2, serial_shops, shop,
          minmay_fractal_squares_5, uniq_menkaure
D:7:      layout_rooms, kennysheep_generic_room_4, uniq_prince_ribbit1,
          uniq_duvessa, uniq_joseph, uniq_pikel
D:8:      layout_loops_corners, nicolae_tso_carved_into_rock
D:9:      layout_loops_ring, due_lair_maze_entry_diamond, david_orc_2,
          uniq_gastronok
D:10:     layout_gridville, uniq_erolcha, uniq_harold
D:11:     minmay_chopped_fan, layout_basic
Temple:   minmay_crystal_snake_temple
Lair:1:   beast_lair_carwin_large_2, layout_loops_ring

Skill      XL: |  1  2  3  4  5  6  7  8  9 10 11 12 |
---------------+-------------------------------------+-----
Fighting       | 4 5 6 7 8 |  8.5
Maces & Flails | 3 |  3.8
Armour         | 4 5 6 8 9 |  9.8
Dodging        | 1 2 3 4 |  4.0
Shields        | 4 5 7 8 9 10 | 10.1
Short Blades   | 1 2 |  2.6
Stealth        | 1 |  1.0
Axes           | 1 4 6 9 10 | 10.8
Throwing       | |  0.2
Invocations    | |  0.2
Evocations     | |  0.6

Action                   |  1- 3 |  4- 6 |  7- 9 | 10-12 || total
-------------------------+-------+-------+-------+-------++-------
Melee: Whip              |   136 |     5 |       |       ||   141
       Flail             |     4 |       |       |       ||     4
       Rapier            |       |    44 |     7 |       ||    51
       Hand axe          |       |       |   238 |   373 ||   611
Throw: Throwing net      |       |       |     1 |     1 ||     2
Invok: Heroism           |       |       |       |     1 ||     1
Evoke: Wand              |       |       |       |     5 ||     5
  Use: Scroll            |     4 |       |       |    10 ||    14
       Potion            |     2 |       |       |    10 ||    12
Armor: Scale mail        |    59 |    21 |   112 |    40 ||   232
       Plate armour      |       |       |       |   266 ||   266
Dodge: Dodged            |    33 |    11 |    73 |   106 ||   223
Block: Kite shield       |    55 |    33 |    91 |   229 ||   408

Table legend: (Time is in decaauts)
 A = Elapsed time spent in this place.
 B = Non-inter-level travel time spent in this place.
 C = Inter-level travel time spent in this place.
 D = Time resting spent in this place.
 E = Time spent auto-exploring this place.
 F = Levels seen in this place.
 G = Mean time per level.
                   A        B        C        D        E       F      G
               +--------+--------+--------+--------+--------+-----+--------+
         Total |  11525 |  11221 |    304 |   3303 |   5065 |  13 |  886.5 |
       Dungeon |  10668 |  10411 |    257 |   3082 |   4743 |  10 | 1066.8 |
        Temple |    228 |    181 |     47 |      0 |    156 |   1 |  228.0 |
          Lair |     61 |     61 |      0 |      0 |     25 |   1 |   61.0 |
       Ossuary |    566 |    566 |      0 |    221 |    141 |   1 |  566.0 |
               +--------+--------+--------+--------+--------+-----+--------+

Top non-repeatable levels by time:
    D:10: 1681 daAuts
     D:5: 1379 daAuts
     D:1: 1370 daAuts
     D:9: 1351 daAuts
    D:11: 1011 daAuts
     D:6: 983 daAuts
     D:4: 904 daAuts
     D:8: 849 daAuts
     D:7: 797 daAuts
 Ossuary: 566 daAuts
     D:2: 339 daAuts
  Temple: 228 daAuts
  Lair:1: 61 daAuts
